 Dungeon Crawl Stone Soup version 0.31-a0-845-g9abc20d24f (webtiles) character file.

Game seed: 3558206226906386613

27 arglypuff the Ducker (level 3, -5/25 HPs)
             Began as a Djinni Hedge Wizard on Oct 1, 2023.
             Slain by an iguana (12 damage)
             ... on level 2 of the Dungeon.
             The game lasted 00:01:23 (967 turns).

arglypuff the Ducker (Djinni Hedge Wizard)           Turns: 967, Time: 00:01:23

Health: -5/25      AC:  2    Str:  9    XL:     3   Next: 25%
Gold:   75         EV: 12    Int: 17    God:
                   SH:  0    Dex: 12

rFire   + + .        a - +0 dagger
rCold   x . .        (no shield)
rNeg    . . .        b - +0 robe
rPois   ∞            c - +0 hat
rElec   .            (no cloak)
rCorr   .            (no gloves)
SInv    .            (boots unavailable)
Will    .....        (no amulet)
Stlth   ++           (no ring)
HPRegen 0.24/turn    (no ring)
MPRegen 0.00/turn

%: infuse magic (-6 HP)
@: flying
A: sickness immunity, fire resistance 2, cold vulnerability 1, float, innate
caster, HP casting, extra vitality 1
a: no special abilities


You were on level 2 of the Dungeon.
You visited 1 branch of the dungeon, and saw 2 of its levels.

You collected 75 gold pieces.

Inventory:

Hand Weapons
 a - a +0 dagger (weapon)
Armour
 b - a +0 robe (worn)
 c - a +0 hat (worn)
Jewellery
 j - a ring of see invisible
Scrolls
 e - a scroll of blinking {unknown}
 g - a scroll of vulnerability {unknown}
 h - a scroll of torment {unknown}
 i - a scroll of enchant armour {unknown}
Potions
 d - a potion of cancellation {unknown}
 f - 2 potions of invisibility {unknown}
 k - a potion of haste {unknown}


   Skills:
 + Level 3.1 Dodging
 + Level 2.4 Stealth
 + Level 2.9 Spellcasting
 + Level 2.9 Conjurations
 + Level 2.9 Hexes
 + Level 2.9 Summonings
 + Level 2.9 Necromancy
 + Level 2.9 Translocations
 + Level 2.9 Transmutations
 + Level 2.9 Fire Magic
 + Level 2.9 Ice Magic
 + Level 2.9 Air Magic
 + Level 2.9 Earth Magic
 + Level 2.9 Poison Magic


You knew the following spells:

 Your Spells              Type           Power      Damage    Failure   Level
a - Magic Dart            Conj           48%        1d5       5%          1
b - Slow                  Hex            48%        N/A       5%          1
c - Blink                 Tloc           24%        N/A       9%          2
d - Call Imp              Summ           24%        N/A       9%          2
e - Mephitic Cloud        Conj/Pois/Air  12%        N/A       16%         3
f - Apportation           Tloc           24%        N/A       5%          1
Your spell library was empty.

Dungeon Overview and Level Annotations

Branches:
Dungeon (2/15)

Altars:


Innate Abilities, Weirdness & Mutations

You are immune to sickness and miasma.
You are immune to poison.
Your flesh is very heat resistant. (rF++)
You are vulnerable to cold. (rC-)
You float through the air rather than walking.
You learn spells naturally, not from books.
Your magical power is your life essence.
You have superior vitality. (+4 MHP)


Message History

a giant cockroach corpse; a giant cockroach corpse A rat comes into view.
Found 9 gold pieces.
A rat is nearby!
A rat is nearby!
A rat is nearby!
The magic dart hits the rat.
You kill the rat!
You can't see any susceptible monsters within range! (Use Z to cast anyway.)
You can't see any susceptible monsters within range! (Use Z to cast anyway.)
You can't see any susceptible monsters within range! (Use Z to cast anyway.)
k - an orange potion
Found 4 stones.
You now have 66 gold pieces (gained 8).
You now have 75 gold pieces (gained 9).
An iguana comes into view.
The magic dart hits the iguana but does no damage.
The iguana hisses angrily.
An iguana is nearby!
The magic dart hits the iguana but does no damage.
The magic dart hits the iguana.
The iguana is lightly wounded.
The magic dart hits the iguana but does no damage.
The iguana is lightly wounded.
The iguana misses you.
The magic dart hits the iguana but does no damage.
The iguana is lightly wounded.
The iguana bites you!
Ouch! That really hurt!
You are too injured to fight recklessly!
You are too injured to fight recklessly!
You are too injured to fight recklessly!
Casting: Magic Dart (safe; 5% risk of failure)
Confirm with . or Enter, or press ? or * to list all spells.
A tiny devil pulls itself out of the air.
* * * LOW HITPOINT WARNING * * *
The iguana barely misses you.
Your cerulean imp hits the iguana but does no damage.
The iguana attacks as it pursues you! The iguana bites you!
You die...

############
........##.#########
.######...#........#
.# ##.###.#####.#
.######.## ##.####.#
.......##
##..##.########
.####.#.#
##.#†#.......... .#
#.##.# #....@l..#
.####.#
#.#>..#.#.#.#
......#
#.<###.#.#5##
.######
#..##†#(..#.# .#
#......#.#.## .# #
##..#.#.#.. .# ##..#
. .## .# ### .. # .#
..


You could see an iguana (ally target) and a friendly cerulean imp (summoned).

Vanquished Creatures
  A worm (D:2)
  3 giant cockroaches (D:2)
  2 goblins (D:1)
  2 hobgoblins (D:2)
  3 jackals (D:1)
  2 kobolds (D:1)
  4 ball pythons (D:1)
  2 frilled lizards (D:1)
  3 rats
22 creatures vanquished.

Notes
Turn   | Place    | Note
-------+----------+-------------------------------------------
     0 | D:1      | arglypuff the Djinni Hedge Wizard began the quest for the
                  | Orb.
     0 | D:1      | arglypuff set off with the following spells memorised:
                  | Magic Dart, Slow, Blink, Call Imp, Mephitic Cloud.
     0 | D:1      | Reached XP level 1. HP: 15/15 MP: 0/0
   369 | D:1      | Reached XP level 2. HP: 19/21 MP: 0/0
   713 | D:2      | Reached skill level 3 in Dodging
   713 | D:2      | Reached XP level 3. HP: 22/25 MP: 0/0
   713 | D:2      | Learned a level 1 spell: Apportation
   967 | D:2      | Slain by an iguana

Illustrated notes

Levels and vault maps discovered:
D:1:      minmay_arrival_diagonal_passages, layout_loops_cross
D:2:      layout_loops_ring, minmay_tiny_reverse_x

Skill      XL: |  1  2 |
---------------+-------+-----
Stealth        | 2 |  2.4
Dodging        | 3 |  3.1
Spellcasting   | |  2.9
Conjurations   | |  2.9
Hexes          | |  2.9
Summonings     | |  2.9
Necromancy     | |  2.9
Translocations | |  2.9
Transmutations | |  2.9
Fire Magic     | |  2.9
Ice Magic      | |  2.9
Air Magic      | |  2.9
Earth Magic    | |  2.9
Poison Magic   | |  2.9

Action                     || total
---------------------------++-------
   Cast: Magic Dart        ||    59
         Call Imp          ||     1
 Armour: Robe              ||     4
  Dodge: Dodged            ||     6

Table legend: (Time is in decaauts)
 A = Elapsed time spent in this place.
 B = Non-inter-level travel time spent in this place.
 C = Inter-level travel time spent in this place.
 D = Time resting spent in this place.
 E = Time spent auto-exploring this place.
 F = Levels seen in this place.
 G = Mean time per level.
                   A        B        C        D        E       F      G
               +--------+--------+--------+--------+--------+-----+--------+
         Total |    966 |    927 |     39 |      0 |    825 |   2 |  483.0 |
       Dungeon |    966 |    927 |     39 |      0 |    825 |   2 |  483.0 |
               +--------+--------+--------+--------+--------+-----+--------+

Top non-repeatable levels by time:
     D:1: 697 daAuts
     D:2: 269 daAuts
